 Dungeon Crawl Stone Soup version 0.29-a0-330-g52719c12eb (webtiles) character file.

Game seed: 16525828729785992888

927 HoaS the Archer (level 8, -3/44 HPs)
             Began as a Gargoyle Hunter on May 19, 2022.
             Was an Initiate of Makhleb.
             Slain by a lemure (6 damage)
             ... led by Pikel
             ... on level 5 of the Dungeon.
             The game lasted 00:10:34 (4791 turns).

HoaS the Archer (Gargoyle Hunter)                   Turns: 4791, Time: 00:10:34

Health: -3/44      AC: 11    Str: 16    XL:     8   Next: 10%
Magic:  8/8        EV: 11    Int:  9    God:    Makhleb [......]
Gold:   274        SH:  0    Dex: 15    Spells: 7/7 levels left

rFire   + + .      SeeInvis .   a - +1 shortbow
rCold   + + .      Faith    .   (shield currently unavailable)
rNeg    + . .      Spirit   .   o - +1 ring mail {rC+}
rPois   ∞          Reflect  .   (no helmet)
rElec   +          Harm     .   h - scarf {rC+ rF+}
rCorr   .          Rampage  .   (no gloves)
Will    .....                   (no boots)
Stlth   +.........              (no amulet)
HPRegen 0.14/turn               m - ring of protection from fire
MPRegen 0.11/turn               (no ring)

@: mighty, hasted, very quick
A: sickness immunity, AC +5, negative energy resistance 1, electricity
resistance, torment resistance 1, petrification resistance
a: Renounce Religion


You were on level 5 of the Dungeon.
You worshipped Makhleb.
Makhleb was noncommittal.
You visited 2 branches of the dungeon, and saw 6 of its levels.

You collected 274 gold pieces.

Inventory:

Hand Weapons
 a - a +1 shortbow (weapon)
Armour
 b - a +0 cloak
 h - a scarf of resistance (worn)
 o - a +1 ring mail of cold resistance (worn)
Jewellery
 m - a ring of protection from fire (left hand)
 s - an amulet of reflection
Scrolls
 c - 4 scrolls of immolation
 q - a scroll of fear
 r - a scroll of teleportation
Potions
 e - a potion of heal wounds {unknown}
 f - 4 potions of curing
 g - a potion of ambrosia {unknown}
 i - a potion of resistance {unknown}
 j - 2 potions of lignification
 k - a potion of might
 l - a potion of flight {unknown}
 n - 2 potions of cancellation
 p - a potion of attraction {unknown}


   Skills:
 - Level 2.1 Fighting
 + Level 9.9 Bows
 - Level 1.5 Dodging
 - Level 1.1 Stealth


You had 7 spell levels left.
You didn't know any spells.
Your spell library contained the following spells:

 Spells                   Type           Power      Damage    Failure   Level
 Conjure Flame            Conj/Fire      0%         6-21      93%         3
 Ignite Poison            Fire/Tmut/Pois 0%         N/A       93%         3
 Sticky Flame             Conj/Fire      0%         2d3       100%        4


Dungeon Overview and Level Annotations

Branches:
Dungeon (5/15)             Temple (1/1) D:5

Altars:
Ashenzari
Cheibriados
Dithmenos
Elyvilon
Gozag
Hepliaklqana
Kikubaaqudgha
Makhleb
Nemelex Xobeh
Okawaru
Qazlal
Ru
Sif Muna
Trog
Uskayaw
Vehumet
Wu Jian
Xom
Yredelemnul
Zin
The Shining One

Shops:
D:1 *

Annotations:
D:5 Pikel


Innate Abilities, Weirdness & Mutations

You are immune to sickness and miasma.
Your stone body is resilient. (AC +5)
You are immune to poison.
You resist negative energy. (rN+)
You are resistant to electric shocks. (rElec)
You are resistant to unholy torment.
You are immune to petrification.


Message History

You are too injured to fight recklessly!
You feel yourself speed up. The lemure hits you but does no damage.
Pikel completely misses you.
You feel very mighty all of a sudden.
Shoot: a) +1 shortbow
Press: ? - help, Q - select action Shift-Dir - straight line, f - Pikel, p - lemure
Aim: Pikel, wielding a +2 whip of freezing and wearing a +0 robe (59% to hit)
You shoot an arrow.
The arrow hits Pikel but does no damage.
Pikel hits you but does no damage. The lemure misses you.
Shoot: a) +1 shortbow
Press: ? - help, Q - select action Shift-Dir - straight line, f/p - Pikel
Aim: Pikel, wielding a +2 whip of freezing and wearing a +0 robe (59% to hit)
You shoot an arrow. The arrow hits Pikel!
Pikel is moderately wounded.
The lemure hits you.
Pikel hits you with a +2 whip of freezing.
* * * LOW HITPOINT WARNING * * *
Shoot: a) +1 shortbow
Press: ? - help, Q - select action Shift-Dir - straight line, f/p - Pikel
Aim: Pikel, wielding a +2 whip of freezing and wearing a +0 robe (moderately wounded, 59% to hit)
You shoot an arrow. The arrow barely misses Pikel.
The arrow barely misses the lemure.
Shoot: a) +1 shortbow
Press: ? - help, Q - select action Shift-Dir - straight line, f/p - Pikel
Aim: Pikel, wielding a +2 whip of freezing and wearing a +0 robe (moderately wounded, 59% to hit)
You shoot an arrow. The arrow closely misses Pikel.
The arrow hits the lemure.
The lemure is lightly wounded.
Pikel hits you with a +2 whip of freezing.
* * * LOW HITPOINT WARNING * * *
Pikel freezes you.
* * * LOW HITPOINT WARNING * * *
The lemure barely misses you.
Shoot: a) +1 shortbow
Press: ? - help, Q - select action Shift-Dir - straight line, f/p - Pikel
Aim: Pikel, wielding a +2 whip of freezing and wearing a +0 robe (moderately wounded, 59% to hit)
You shoot an arrow. The arrow closely misses Pikel.
The arrow hits the lemure.
The lemure is lightly wounded.
The lemure hits you.
You die...

#...........####.# #.#
#.#
#.............##.#####.#
#.#
...........##.##.....#.#
#.#
#########.....##.###.#.#
#.#### #..##.##.###†#.#
#....# #..#####.#.)...#
#.##.# ##.#.5..5#.....#
#....# #.###K#....†#
##.#... #.
#@#.....####...... #5
#5#..........#.#.. ..
55#.#............. .K
.....#.......#.⌠.#.
#.5###.###.....#.......
55. ........#...⌠.>.⌠.
..#####...#....... ..#
##....#.⌠.#. #..........


You could see Pikel and 4 lemures.

Vanquished Creatures
  2 sky beasts (D:5)
  2 ogres
  Blork the orc (D:5)
  A scorpion (D:4)
  A jelly (D:3)
  Crazy Yiuf (D:3)
  2 orc priests
  2 hounds
  Terence (D:2)
  An orc wizard (D:4)
  Robin (D:3)
  9 adders
  5 worms
  7 dart slugs
  12 orcs
  13 endoplasms
  5 giant cockroaches
  10 goblins
  4 hobgoblins
  6 jackals
  3 quokkas (D:4)
  5 ball pythons
  6 bats
  8 frilled lizards
  5 kobolds
  3 rats
116 creatures vanquished.

Notes
Turn   | Place    | Note
-------+----------+-------------------------------------------
     0 | D:1      | HoaS the Gargoyle Hunter began the quest for the Orb.
     0 | D:1      | Reached XP level 1. HP: 12/12 MP: 1/1
   121 | D:1      | Found a faded altar of an unknown god.
   219 | D:1      | Reached XP level 2. HP: 17/17 MP: 2/2
   253 | D:1      | Found Unucwas's Assorted Antiques.
   701 | D:2      | Reached skill level 5 in Bows
   701 | D:2      | Reached XP level 3. HP: 21/21 MP: 3/3
   770 | D:2      | Noticed Terence
   792 | D:2      | Killed Terence
   793 | D:2      | Reached XP level 4. HP: 5/26 MP: 4/4
  1529 | D:2      | Reached skill level 6 in Bows
  1576 | D:2      | Reached XP level 5. HP: 30/30 MP: 5/5
  1761 | D:3      | Noticed an ogre
  1768 | D:3      | Killed an ogre
  1952 | D:3      | Noticed Robin
  2021 | D:2      | Reached skill level 7 in Bows
  2021 | D:2      | Reached XP level 6. HP: 15/35 MP: 6/6
  2297 | D:3      | Identified the +5 plate armour of Courage {*Slow rCorr
                  | Str+3}
  2380 | D:3      | Killed Robin
  2575 | D:3      | Found a runed translucent door.
  2576 | D:3      | Noticed Crazy Yiuf
  3251 | D:3      | Killed Crazy Yiuf
  3354 | D:4      | Reached skill level 8 in Bows
  3476 | D:4      | Reached XP level 7. HP: 5/40 MP: 7/7
  4370 | D:5      | Entered Level 5 of the Dungeon
  4415 | D:5      | Noticed Blork the orc
  4423 | D:5      | Killed Blork the orc
  4424 | D:5      | Reached skill level 9 in Bows
  4513 | D:5      | Reached XP level 8. HP: 37/44 MP: 8/8
  4531 | D:5      | Found a staircase to the Ecumenical Temple.
  4540 | Temple   | Entered the Ecumenical Temple
  4697 | Temple   | Became a worshipper of Makhleb the Destroyer
  4771 | D:5      | Noticed Pikel
  4791 | D:5      | Slain by a lemure

Illustrated notes

Levels and vault maps discovered:
D:1:      dpeg_arrival_erosion, layout_loops_ring, serial_shops, shop,
          hellmonk_ecumenical_altar_blasted, minmay_pentomino_u4
D:2:      layout_loops_ring, uniq_terence
D:3:      layout_basic, grunt_decor_arrowhead, minmay_circle_x,
          uniq_crazy_yiuf_cottage, uniq_robin
D:4:      kennysheep_slugbush, layout_basic
D:5:      layout_basic, mainiacjoe_overflow_24_doors,
          minmay_temple_entry_sparse_star, uniq_pikel, uniq_blork_the_orc
Temple:   kilobyte_greek_temple

Skill      XL: |  1  2  3  4  5  6  7 |
---------------+----------------------+-----
Bows           | 5 6 7 8 9 |  9.9
Fighting       | |  2.1
Dodging        | |  1.5
Stealth        | |  1.1

Action                   |  1- 3 |  4- 6 |  7- 9 || total
-------------------------+-------+-------+-------++-------
Melee: Unarmed           |       |     3 |       ||     3
 Fire: Shortbow          |    73 |   196 |   119 ||   388
  Use: Scroll            |     3 |     6 |     4 ||    13
       Potion            |     1 |     2 |     2 ||     5
Armor: Leather armour    |    12 |    10 |       ||    22
       Ring mail         |       |    73 |    33 ||   106
Dodge: Dodged            |    16 |   102 |    32 ||   150

Table legend: (Time is in decaauts)
 A = Elapsed time spent in this place.
 B = Non-inter-level travel time spent in this place.
 C = Inter-level travel time spent in this place.
 D = Time resting spent in this place.
 E = Time spent auto-exploring this place.
 F = Levels seen in this place.
 G = Mean time per level.
                   A        B        C        D        E       F      G
               +--------+--------+--------+--------+--------+-----+--------+
         Total |   4849 |   4607 |    242 |   1182 |   2589 |   6 |  808.2 |
       Dungeon |   4657 |   4433 |    224 |   1182 |   2441 |   5 |  931.4 |
        Temple |    191 |    173 |     18 |      0 |    148 |   1 |  191.0 |
               +--------+--------+--------+--------+--------+-----+--------+

Top non-repeatable levels by time:
     D:3: 1379 daAuts
     D:2: 1261 daAuts
     D:4: 1072 daAuts
     D:1: 708 daAuts
     D:5: 235 daAuts
  Temple: 191 daAuts
